 Dungeon Crawl Stone Soup version 0.17.0-26-gececa24 (console) character file.

501 jw the Sneak (level 7, -1/48 HPs)
             Began as an Octopode Berserker on Nov 20, 2015.
             Was a Believer of Trog.
             Slain by an orc
             ... wielding a +0 flail
              (8 damage)
             ... on level 4 of the Dungeon.
             The game lasted 00:09:41 (3055 turns).

jw the Sneak (Octopode Berserker)                   Turns: 3055, Time: 00:09:41

Health: -1/48      AC:  1    Str: 16    XL:     7   Next: 17%
Magic:  7/7        EV: 14    Int: 10    God:    Trog [**....]
Gold:   117        SH:  0    Dex: 13    Spells: 0 memorised, 6 levels left

rFire  . . .     SeeInvis .     b - +0 rapier
rCold  . . .     Clarity  .     (no shield)
rNeg   . . .     SustAt   .     (helmet restricted)
rPois  .         Gourm    .     (no amulet)
rElec  .         Spirit   .     (no ring)
rCorr  .         Warding  .     (no ring)
rMut   .         Stasis   .     (no ring)
MR     .....                    (no ring)
Stlth  ++++......               (no ring)
                                (no ring)
                                (no ring)
                                (no ring)

@: not resistant to hostile enchantments, stealthy
A: almost no armour, amphibious, 8 rings, constrict 8, camouflage 1, gelatinous
body 1
a: Berserk, Trog's Hand, Burn Spellbooks, Renounce Religion


You were on level 4 of the Dungeon.
You worshipped Trog.
Trog was pleased with you.
You were hungry.

You visited 1 branch of the dungeon, and saw 4 of its levels.

You collected 117 gold pieces.

Inventory:

Hand Weapons
 b - a +0 rapier (weapon)
Missiles
 c - 124 stones
 e - 5 curare-tipped needles
 i - 48 poisoned needles
 o - 2 tomahawks (quivered)
Wands
 m - a wand of heal wounds (3)
Scrolls
 g - 4 scrolls of remove curse
 h - 6 scrolls of identify
 k - a scroll of enchant armour
Potions
 f - 3 potions of curing
 l - a potion of invisibility
Comestibles
 d - 5 fruits
 n - a slice of pizza
 p - 4 bread rations


   Skills:
 + Level 4.2 Fighting
 * Level 4.9 Short Blades
 + Level 2.0 Throwing
 + Level 4.1 Dodging
 * Level 5.3 Stealth


You had 6 spell levels left.
You didn't know any spells.

Dungeon Overview and Level Annotations

Branches:
Dungeon (4/15)
 Temple: D:4-7

Altars:
Dithmenos
Fedhas
Makhleb
Okawaru
Sif Muna
Vehumet
Xom
Zin
The Shining One


Innate Abilities, Weirdness & Mutations

You cannot wear most types of armour.
You are amphibious.
You can wear up to eight rings at the same time.
You can use your tentacles to constrict eight enemies at once.
Your skin changes colour to match your surroundings (Stealth).
Your rubbery body absorbs attacks (AC +1).


Message History

MOVING TO (0,-2)
The orc barely misses you.
MOVING TO (0,-1) MOVING TO (2,6)
You hit the orc but do no damage. You grab the orc.
The orc is severely wounded.
You constrict the orc, but do no damage.
The orc misses you. The orc barely misses you.
ATTACKING (0,1)
You barely miss the orc. You grab the orc. You squeeze the orc!
The orc is severely wounded.
You constrict the orc.
You constrict the orc, but do no damage.
The orc struggles to escape constriction.
MOVING TO (2,3)
You release your grip on the orc. x2
The orc hits you with a flail! The orc closely misses you.
MOVING TO (1,3)
The orc hits you with a flail!
You die...

#............[......
#...................
...................
..........).......
####'####......###..
#......##(.....###
#................#
#................#
#oox.............#
#.o).............# .
#...##.####.....## #
#...##.####.....####
#...#...............
#...#...............
#...#...............
#...#...............
#...#...............


You could see 3 orcs.

Table legend:
 A = Turns spent in this place as a percentage of turns spent in the entire game.
 B = Non-inter-level travel turns spent in this place as a percentage of non-inter-level travel turns spent in the entire game.
 C = Inter-level travel turns spent in this place as a percentage of turns spent in this place.
 D = Turns resting spent in this place as a percentage of non-inter-level travel turns spent in this place.
 E = Turns spent auto-exploring this place as a percentage of non-inter-level travel turns spent in this place.
 F = Non-inter-level travel turns spent in this place divided by the number of levels of this place that you've seen.
                   A       B       C       D       E      F
               +-------+-------+-------+-------+-------+----------------------
         Total | 100.0 | 100.0 |   0.5 |   1.0 |   2.7 | 1136.5
       Dungeon | 100.0 | 100.0 |   0.5 |   1.0 |   2.7 | 1136.5
               +-------+-------+-------+-------+-------+----------------------

Table legend:
 A = Kills in this place as a percentage of kills in entire the game.
 B = Kills by you in this place as a percentage of kills by you in the entire game.
 C = Kills by friends in this place as a percentage of kills by friends in the entire game.
 D = Other kills in this place as a percentage of other kills in the entire game.
 E = Experience gained in this place as a percentage of experience gained in the entire game.
 F = Experience gained in this place divided by the number of levels of this place that you have seen.
                   A       B       C       D       E      F
               +-------+-------+-------+-------+-------+----------------------
         Total | 100.0 | 100.0 |  -nan |  -nan | 100.0 | 179.0
       Dungeon | 100.0 | 100.0 |  -nan |  -nan | 100.0 | 179.0
               +-------+-------+-------+-------+-------+----------------------

Vanquished Creatures
  The ghost of worldfamousw the Insei, an amateur TeMo (D:4)
  Sigmund (D:3)
  Jessica (D:3)
  Terence (D:3)
  5 adders
  4 oozes
  A worm (D:4)
  A giant gecko (D:3)
  2 orcs (D:4)
  A ball python (D:3)
  6 bats
  7 giant cockroaches
  5 goblins
  3 hobgoblins
  A ball python skeleton (D:4)
  4 giant newts
  2 jackals (D:1)
  7 kobolds
  16 rats
69 creatures vanquished.

Notes
Turn   | Place    | Note
--------------------------------------------------------------
     0 | D:1      | jw the Octopode Berserker began the quest for the Orb.
     0 | D:1      | Reached XP level 1. HP: 16/16 MP: 1/1
    68 | D:1      | Reached XP level 2. HP: 21/21 MP: 2/2
   774 | D:1      | Reached skill level 1 in Stealth
   797 | D:1      | Reached XP level 3. HP: 26/26 MP: 3/3
   880 | D:1      | Reached ** piety under Trog
  1519 | D:2      | Found a radiant altar of Vehumet.
  1582 | D:2      | Found a deep blue altar of Sif Muna.
  1582 | D:2      | Found a shadowy altar of Dithmenos.
  1636 | D:2      | Reached XP level 4. HP: 31/31 MP: 4/4
  1786 | D:2      | Found a blossoming altar of Fedhas.
  1789 | D:2      | Found a glowing silver altar of Zin.
  1803 | D:2      | Found a glowing golden altar of the Shining One.
  1806 | D:2      | Found an iron altar of Okawaru.
  1877 | D:3      | Noticed Terence
  1899 | D:3      | Killed Terence
  2314 | D:3      | Noticed Jessica
  2328 | D:3      | Killed Jessica
  2328 | D:3      | Reached skill level 1 in Throwing
  2328 | D:3      | Reached XP level 5. HP: 21/36 MP: 5/5
  2568 | D:3      | Noticed Sigmund
  2577 | D:3      | Killed Sigmund
  2577 | D:3      | Reached skill level 4 in Fighting
  2577 | D:3      | Reached XP level 6. HP: 43/43 MP: 6/6
  2659 | D:3      | Found a burning altar of Makhleb.
  2663 | D:3      | Found a shimmering altar of Xom.
  2935 | D:4      | Noticed worldfamousw's ghost (amateur TeMo)
  2948 | D:4      | Killed worldfamousw's ghost
  2948 | D:4      | Reached skill level 5 in Stealth
  2948 | D:4      | Reached XP level 7. HP: 48/48 MP: 7/7
  3055 | D:4      | Slain by an orc

Action                   |  1- 3 |  4- 6 |  7- 9 || total
-------------------------+-------+-------+-------++-------
Melee: Short sword       |    60 |    40 |       ||   100
       Rapier            |       |    13 |    11 ||    24
Throw: Stone             |    50 |    37 |       ||    87
       Tomahawk          |       |     8 |       ||     8
Invok: Berserk           |       |     3 |       ||     3
       Trog's Hand       |       |     1 |       ||     1
Evoke: Wand              |       |     8 |       ||     8
  Use: Scroll            |     3 |     3 |       ||     6
       Potion            |     2 |     3 |       ||     5
 Stab: Sleeping          |     6 |     6 |       ||    12
  Eat: Chunk             |     2 |     7 |       ||     9

Vault maps used:
D:1:      dpeg_arrival_subterranean_lakeside_camping, minmay_misc_feat_hallway,
          hangedman_decor_clover_reticule
D:2:      vehumet_crystals, grunt_temple_overflow_cloverleaf,
          gammafunk_temple_overflow_wave
D:3:      xom_teletrap_fun, first_bread, bloody_makhleb, uniq_terence,
          uniq_jessica, uniq_sigmund
D:4:      hangedman_abyss_or_decor_stabs
